Anaheim Ducks vs Nashville Predators
Created - Saturday, December 6, 2025 at 07:43
Goals
|
| Anaheim Ducks |
2 |
0 |
0 |
2 |
| Nashville Predators |
0 |
1 |
0 |
1 |
|
Shots
|
| Anaheim Ducks |
12 |
9 |
5 |
26 |
| Nashville Predators |
11 |
10 |
10 |
31 |
|
1st period
1. Anaheim Ducks , John Tavares 4 (Brayden Schenn 6) at 8:59
2. Anaheim Ducks , Chandler Stephenson 3 (Will Cuylle 2, William Nylander 6) at 13:42
Penalties :
Joshua Morrissey (ANA) for Tripping (Minor) at 18:08
2nd period
3. Nashville Predators , Marco Kasper 3 (Yegor Chinakhov 2) at 7:02
Penalties :
Simon Benoit (NSH) for Tripping (Minor) at 7:18, Mark Scheifele (ANA) for Interference (Minor) at 12:48
3rd period
No Goal
Penalties :
Rasmus Andersson (NSH) for Roughing (Minor) at 13:17, John Tavares (ANA) for Hooking (Minor) at 19:02
Goalie Stats
Linus Ullmark (ANA), 30 saves from 31 shots - (0.968), W, 6-5-0, 60:00 minutes
Anthony Stolarz (NSH), 24 saves from 26 shots - (0.923), L, 7-2-0, 58:55 minutes
Players Stats for Anaheim Ducks
Player Name G A P +/- PIM S H SB GA TA FO MP PP MP PK MP
------------------------------------------------------------------------------------
Alex Killorn 0 0 0 0 0 1 1 0 0 1 0/0 17:51 0:10 2:33
Brayden Schenn 0 1 1 1 0 3 3 0 1 1 0/0 21:27 2:04 2:33
Brenden Dillon 0 0 0 0 0 1 0 1 0 0 0/0 18:26 0:00 2:10
Chandler Stephenson 1 0 1 0 0 3 1 0 0 0 7/15 17:20 0:00 2:22
Esa Lindell 0 0 0 0 0 0 0 2 0 1 0/0 23:41 0:00 3:06
Ivan Provorov 0 0 0 0 0 1 3 0 0 1 0/0 23:24 1:28 2:45
J.T. Compher 0 0 0 0 0 0 0 0 0 0 0/1 8:11 1:47 2:22
John Tavares 1 0 1 1 2 4 2 0 0 1 8/16 18:07 2:04 0:00
Jonny Brodzinski 0 0 0 0 0 0 0 0 0 0 0/0 1:53 0:09 0:00
Joshua Morrissey 0 0 0 0 2 1 1 3 0 0 0/0 20:01 2:30 0:00
Mark Scheifele 0 0 0 0 2 2 2 0 1 1 16/26 22:25 1:44 0:00
Mason Marchment 0 0 0 0 0 0 0 1 0 0 0/0 7:49 0:00 0:00
Morgan Rielly 0 0 0 1 0 0 0 0 0 0 0/0 16:46 2:30 0:00
Nazem Kadri 0 0 0 1 0 1 1 1 2 0 1/1 22:09 2:12 0:00
Parker Kelly 0 0 0 0 0 0 0 0 0 0 0/0 1:25 0:00 0:00
Philip Broberg 0 0 0 1 0 1 3 0 0 0 0/0 18:16 1:28 1:49
Will Cuylle 0 1 1 0 0 4 1 0 0 1 0/1 13:35 0:00 0:00
William Nylander 0 1 1 0 0 4 0 0 2 0 0/1 22:16 1:44 0:00
Players Stats for Nashville Predators
Player Name G A P +/- PIM S H SB GA TA FO MP PP MP PK MP
------------------------------------------------------------------------------------
Alex Pietrangelo 0 0 0 0 0 2 0 0 0 1 0/0 25:39 2:53 2:19
Brandon Montour 0 0 0 0 0 0 0 0 0 0 0/0 10:46 0:00 1:32
Dante Fabbro 0 0 0 0 0 0 0 0 1 1 0/0 11:37 0:08 2:13
Dmitri Voronkov 0 0 0 -1 0 1 3 0 2 0 0/0 16:11 2:08 0:19
Eetu Luostarinen 0 0 0 0 0 5 2 1 1 0 0/0 20:42 2:02 2:11
Jack Roslovic 0 0 0 -1 0 1 0 1 0 0 5/7 10:11 2:08 0:00
Jani Nyman 0 0 0 -1 0 2 1 0 0 0 0/0 13:34 0:00 0:00
Jean-Gabriel Pageau 0 0 0 -1 0 4 2 0 0 0 7/14 17:39 2:08 2:11
John-Jason Peterka 0 0 0 0 0 3 4 0 1 1 0/0 18:52 2:39 0:00
Jordan Spence 0 0 0 -1 0 1 1 1 0 0 0/0 23:28 2:45 0:00
Marco Kasper 1 0 1 1 0 1 2 1 1 0 3/10 14:51 2:44 0:00
Pius Suter 0 0 0 0 0 3 1 0 0 1 14/28 20:23 2:39 1:28
Rasmus Andersson 0 0 0 0 2 2 0 1 0 0 0/0 24:44 2:02 1:06
Robby Fabbri 0 0 0 1 0 0 3 0 0 0 0/1 13:19 0:00 0:00
Ryan Hartman 0 0 0 -1 0 2 2 0 0 0 0/0 7:56 0:00 0:00
Simon Benoit 0 0 0 -1 2 1 1 1 0 1 0/0 20:59 0:00 0:46
Yegor Chinakhov 0 1 1 1 0 2 1 0 1 1 0/1 13:46 0:08 0:19
Yegor Sharangovich 0 0 0 -1 0 1 1 0 0 0 0/0 11:23 0:11 1:28
3 Stars
1 - Linus Ullmark (ANA)
2 - Marco Kasper (NSH)
3 - Brayden Schenn (ANA)
Power Play
Anaheim Ducks - 0 on 2 Attempt(s) - 0.00%
Nashville Predators - 0 on 3 Attempt(s) - 0.00%
Penalty Kill
Anaheim Ducks - 3 on 3 Attempt(s) - 100.00%
- Score 0 goal in Penalty Kill
Nashville Predators - 2 on 2 Attempt(s) - 100.00%
- Score 0 goal in Penalty Kill
Team Stat
Anaheim Ducks - Hits : 18 - Faceoff Wins : 32 - Blocked Shots : 8 - Penalty Minutes : 6
Nashville Predators - Hits : 24 - Faceoff Wins : 29 - Blocked Shots : 6 - Penalty Minutes : 4
Official
Referees : Chris Schlenker and Ghislain Hebert
Linesman : David Brisebois and Travis Gawryletz
Game Notes
Mason Marchment is injured at 2:18 of 2nd period (Strained Left Knee)
Finance
Level 1 -- Attendance: 6000 (100.00%) -- Ticket Income $600,000
Level 2 -- Attendance: 5000 (100.00%) -- Ticket Income $300,000
Level 3 -- Attendance: 3000 (100.00%) -- Ticket Income $105,000
Level 4 -- Attendance: 4725 (94.50%) -- Ticket Income $118,125
Luxury Box -- Attendance: 991 (99.10%) -- Ticket Income $198,200
Game was played at the Bridgestone Arena.
Total Attendance: 19716 (98.58%)
Total Ticket Income: $1,321,325
Other Income: $462,464
Total Income: $1,783,789
Anaheim Ducks
5 vs 5 Forward
Center Left Wing Right Wing Time % Phy DF OF
1 John Tavares Nazem Kadri Brayden Schenn 35 1 1 3
2 Mark Scheifele Mason Marchment William Nylander 35 1 1 3
3 Chandler Stephenson Will Cuylle Alex Killorn 20 1 2 2
4 Mark Scheifele Mason Marchment William Nylander 10 1 1 3
5 vs 5 Defense
Defense Defense Time % Phy DF OF
1 Esa Lindell Joshua Morrissey 36 1 2 2
2 Morgan Rielly Philip Broberg 30 1 2 2
3 Ivan Provorov Brenden Dillon 30 1 2 2
4 Esa Lindell Ivan Provorov 4 1 2 2
PowerPlay Forward
Center Left Wing Right Wing Time % Phy DF OF
1 Mark Scheifele Nazem Kadri William Nylander 50 1 0 4
2 John Tavares Mason Marchment Brayden Schenn 50 1 0 4
PowerPlay Defense
Defense Defense Time % Phy DF OF
1 Joshua Morrissey Morgan Rielly 60 1 1 3
2 Ivan Provorov Philip Broberg 40 1 2 2
Penalty Kill 4 Players Forward
Center Wing Time % Phy DF OF
1 Chandler Stephenson J.T. Compher 50 1 3 1
2 Brayden Schenn Alex Killorn 50 1 3 1
Penalty Kill 4 Players Defense
Defense Defense Time % Phy DF OF
1 Esa Lindell Ivan Provorov 60 1 4 0
2 Brenden Dillon Philip Broberg 40 1 4 0
Penalty Kill - 3 Players Forward
Forward Time % Phy DF OF
1 Chandler Stephenson 55 1 4 0
2 Brayden Schenn 45 1 4 0
Penalty Kill - 3 Players Defense
Defense Defense Time % Phy DF OF
1 Esa Lindell Ivan Provorov 60 1 4 0
2 Brenden Dillon Philip Broberg 40 1 4 0
4 vs 4 Forward
Center Wing Time % Phy DF OF
1 John Tavares Nazem Kadri 50 1 1 3
2 Mark Scheifele William Nylander 50 1 1 3
4 vs 4 Defense
Defense Defense Time % Phy DF OF
1 Esa Lindell Joshua Morrissey 60 1 2 2
2 Brenden Dillon Ivan Provorov 40 1 2 2
Last Minutes Offensive
Center Left Wing Right Wing Defense Defense
John Tavares Nazem Kadri William Nylander Joshua Morrissey Morgan Rielly
Last Minutes Defensive
Center Left Wing Right Wing Defense Defense
Chandler Stephenson Alex Killorn Brayden Schenn Ivan Provorov Esa Lindell
Goaltenders
Starting : Linus Ullmark
Backup : James Reimer
Extra Forwards
Normal : Nazem Kadri, John Tavares, William Nylander - PP : Nazem Kadri, William Nylander - PK : Chandler Stephenson
Extra Defensemen
Normal : Esa Lindell, Ivan Provorov, Brenden Dillon - PP : Joshua Morrissey - PK : Esa Lindell, Ivan Provorov
Penalty Shots
Chandler Stephenson, Mark Scheifele, Brayden Schenn, Alex Killorn, William Nylander
Scratches
Kevin Bahl (Healthy)
Nashville Predators
5 vs 5 Forward
Center Left Wing Right Wing Time % Phy DF OF
1 Pius Suter Eetu Luostarinen John-Jason Peterka 35 0 1 4
2 Jean-Gabriel Pageau Dmitri Voronkov Jani Nyman 25 0 2 3
3 Marco Kasper Yegor Chinakhov Robby Fabbri 25 0 2 3
4 Jack Roslovic Yegor Sharangovich Ryan Hartman 15 0 2 3
5 vs 5 Defense
Defense Defense Time % Phy DF OF
1 Alex Pietrangelo Rasmus Andersson 45 1 2 2
2 Jordan Spence Simon Benoit 45 1 2 2
3 Brandon Montour Dante Fabbro 10 0 3 2
4 Dante Fabbro Brandon Montour 0 1 3 1
PowerPlay Forward
Center Left Wing Right Wing Time % Phy DF OF
1 Marco Kasper John-Jason Peterka Pius Suter 65 1 1 3
2 Jean-Gabriel Pageau Dmitri Voronkov Jack Roslovic 35 1 1 3
PowerPlay Defense
Defense Defense Time % Phy DF OF
1 Jordan Spence Alex Pietrangelo 65 1 1 3
2 Eetu Luostarinen Rasmus Andersson 35 2 2 1
Penalty Kill 4 Players Forward
Center Wing Time % Phy DF OF
1 Jean-Gabriel Pageau Eetu Luostarinen 65 1 2 2
2 Pius Suter Robby Fabbri 35 1 2 2
Penalty Kill 4 Players Defense
Defense Defense Time % Phy DF OF
1 Alex Pietrangelo Rasmus Andersson 60 2 3 0
2 Simon Benoit Dante Fabbro 40 1 3 1
Penalty Kill - 3 Players Forward
Forward Time % Phy DF OF
1 Jean-Gabriel Pageau 50 1 2 2
2 Pius Suter 50 1 2 2
Penalty Kill - 3 Players Defense
Defense Defense Time % Phy DF OF
1 Alex Pietrangelo Rasmus Andersson 50 1 2 2
2 Simon Benoit Dante Fabbro 50 1 2 2
4 vs 4 Forward
Center Wing Time % Phy DF OF
1 Jean-Gabriel Pageau Eetu Luostarinen 50 1 2 2
2 Pius Suter Robby Fabbri 50 1 2 2
4 vs 4 Defense
Defense Defense Time % Phy DF OF
1 Rasmus Andersson Alex Pietrangelo 60 2 2 1
2 Dante Fabbro Simon Benoit 40 2 2 1
Last Minutes Offensive
Center Left Wing Right Wing Defense Defense
Jean-Gabriel Pageau Pius Suter John-Jason Peterka Dmitri Voronkov Jordan Spence
Last Minutes Defensive
Center Left Wing Right Wing Defense Defense
Jean-Gabriel Pageau Pius Suter Robby Fabbri Alex Pietrangelo Rasmus Andersson
Goaltenders
Starting : Anthony Stolarz
Backup : Samuel Ersson
Extra Forwards
Normal : Dmitri Voronkov, Pius Suter, Eetu Luostarinen - PP : Eetu Luostarinen, Jean-Gabriel Pageau - PK : Eetu Luostarinen
Extra Defensemen
Normal : Rasmus Andersson, Dante Fabbro, Simon Benoit - PP : Rasmus Andersson - PK : Dante Fabbro, Brandon Montour
Penalty Shots
Dmitri Voronkov, Jack Roslovic, John-Jason Peterka, Pius Suter, Yegor Chinakhov
Scratches
Evan Rodrigues (Healthy), Parker Wotherspoon (Healthy), Nick Perbix (Healthy), Thatcher Demko (Healthy), Mads Sogaard (Healthy)
% Time on Ice - Anaheim Ducks
Lines # - Real PCT - Wanted PCT - Time Play
Normal Forward
1 - 28% - 35% - 14:03
2 - 39% - 35% - 19:49
3 - 26% - 20% - 13:28
4 - 7% - 10% - 3:33
Normal Defense
1 - 35% - 36% - 18:00
2 - 29% - 30% - 14:59
3 - 31% - 30% - 15:52
4 - 4% - 4% - 2:02
PP Forward
1 - 44% - 50% - 1:44
2 - 56% - 50% - 2:14
PP Defense
1 - 63% - 60% - 2:30
2 - 37% - 40% - 1:28
PK Forward
1 - 48% - 50% - 2:22
2 - 52% - 50% - 2:33
PK Defense
1 - 63% - 60% - 3:06
2 - 37% - 40% - 1:49
PK3 Forward
1 - 0% - 55%
2 - 0% - 45%
PK3 Defense
1 - 0% - 60%
2 - 0% - 40%
44 Forward
1 - 0% - 50%
2 - 0% - 50%
44 Defense
1 - 0% - 60%
2 - 0% - 40%
Last Minute Offensive - 0:00
Last Minute Defensive - 0:14
Total
Forward - 60:00
Defense - 60:00
|
% Time on Ice - Nashville Predators
Lines # - Real PCT - Wanted PCT - Time Play
Normal Forward
1 - 32% - 35% - 16:05
2 - 28% - 25% - 14:16
3 - 25% - 25% - 12:37
4 - 16% - 15% - 7:56
Normal Defense
1 - 40% - 45% - 20:27
2 - 42% - 45% - 21:13
3 - 15% - 10% - 7:37
4 - 3% - 0% - 1:37
PP Forward
1 - 57% - 65% - 2:47
2 - 43% - 35% - 2:08
PP Defense
1 - 59% - 65% - 2:53
2 - 41% - 35% - 2:02
PK Forward
1 - 100% - 65% - 3:58
2 - 0% - 35% - 0:00
PK Defense
1 - 58% - 60% - 2:19
2 - 42% - 40% - 1:39
PK3 Forward
1 - 0% - 50%
2 - 0% - 50%
PK3 Defense
1 - 0% - 50%
2 - 0% - 50%
44 Forward
1 - 0% - 50%
2 - 0% - 50%
44 Defense
1 - 0% - 60%
2 - 0% - 40%
Last Minute Offensive - 0:13
Last Minute Defensive - 0:00
Total
Forward - 60:00
Defense - 60:00
|
Play-by-Play
1st period
0:01 of 1st period - Pius Suter wins face-off versus John Tavares in neutral zone.
0:26 of 1st period - Jani Nyman is hit by Mark Scheifele and loses puck.
1:07 of 1st period - Brenden Dillon is hit by Robby Fabbri and loses puck.
1:33 of 1st period - Wrist shot by John-Jason Peterka.
1:33 of 1st period - Shot Misses the Net.
1:35 of 1st period - Snap shot by Pius Suter.
1:35 of 1st period - Shot Misses the Net.
1:37 of 1st period - Snap shot by Pius Suter.
1:37 of 1st period - Shot Misses the Net.
1:39 of 1st period - Slapshot by Simon Benoit.
1:39 of 1st period - Shot Misses the Net.
1:41 of 1st period - Wrist shot by Eetu Luostarinen.
1:41 of 1st period - Stopped by Linus Ullmark without a rebound.
1:42 of 1st period - Mark Scheifele wins face-off versus Jack Roslovic in Anaheim Ducks zone.
2:09 of 1st period - Jordan Spence is hit by Will Cuylle.
4:05 of 1st period - Slapshot by Marco Kasper.
4:05 of 1st period - Deflect By Jack Roslovic.
4:05 of 1st period - Shot Misses the Net.
4:05 of 1st period - Puck is out of play.
4:06 of 1st period - Jack Roslovic wins face-off versus Mark Scheifele in Anaheim Ducks zone.
4:09 of 1st period - Wrist shot by Yegor Sharangovich.
4:09 of 1st period - Shot Hit the Post.
4:11 of 1st period - Snap shot by Ryan Hartman.
4:11 of 1st period - Stopped by Linus Ullmark without a rebound.
4:12 of 1st period - Pius Suter wins face-off versus John Tavares in Anaheim Ducks zone.
5:22 of 1st period - Wrist shot by Chandler Stephenson.
5:22 of 1st period - Shot Misses the Net.
6:50 of 1st period - Snap shot by Pius Suter.
6:50 of 1st period - Stopped by Linus Ullmark with a rebound.
6:52 of 1st period - Wrist shot by Eetu Luostarinen.
6:52 of 1st period - Shot Blocked by Esa Lindell.
6:56 of 1st period - Snap shot by John-Jason Peterka.
6:56 of 1st period - Shot Misses the Net.
6:58 of 1st period - Snap shot by Eetu Luostarinen.
6:58 of 1st period - Shot Blocked by Joshua Morrissey.
7:34 of 1st period - Mason Marchment is hit by Marco Kasper and loses puck.
8:07 of 1st period - Brayden Schenn is hit by Dmitri Voronkov and loses puck.
8:12 of 1st period - Slapshot by Dmitri Voronkov.
8:12 of 1st period - Shot Blocked by Brenden Dillon.
8:14 of 1st period - Slapshot by Alex Pietrangelo.
8:14 of 1st period - Stopped by Linus Ullmark without a rebound.
8:15 of 1st period - Chandler Stephenson wins face-off versus Pius Suter in Anaheim Ducks zone.
8:15 of 1st period - Chandler Stephenson is hit by Eetu Luostarinen.
8:27 of 1st period - Wrist shot by Pius Suter.
8:27 of 1st period - Stopped by Linus Ullmark without a rebound.
8:28 of 1st period - Pius Suter wins face-off versus Mark Scheifele in Anaheim Ducks zone.
8:41 of 1st period - Snap shot by Mark Scheifele.
8:41 of 1st period - Shot Misses the Net.
8:43 of 1st period - Slapshot by Ivan Provorov.
8:43 of 1st period - Stopped by Anthony Stolarz without a rebound.
8:44 of 1st period - Jean-Gabriel Pageau wins face-off versus John Tavares in Nashville Predators zone.
8:59 of 1st period - Wrist shot by John Tavares.
8:59 of 1st period - Goal by John Tavares - Anaheim Ducks : 1 - Nashville Predators : 0.
9:00 of 1st period - Pius Suter wins face-off versus Mark Scheifele in neutral zone.
9:46 of 1st period - Off-side.
9:47 of 1st period - Chandler Stephenson wins face-off versus Jean-Gabriel Pageau in neutral zone.
11:20 of 1st period - Snap shot by William Nylander.
11:20 of 1st period - Stopped by Anthony Stolarz without a rebound.
11:21 of 1st period - Mark Scheifele wins face-off versus Jean-Gabriel Pageau in Nashville Predators zone.
11:22 of 1st period - Snap shot by Mason Marchment.
11:22 of 1st period - Shot Blocked by Rasmus Andersson.
11:24 of 1st period - Wrist shot by Mark Scheifele.
11:24 of 1st period - Stopped by Anthony Stolarz without a rebound.
11:25 of 1st period - Jean-Gabriel Pageau wins face-off versus Mark Scheifele in Nashville Predators zone.
11:36 of 1st period - Snap shot by Mark Scheifele.
11:36 of 1st period - Shot Misses the Net.
11:38 of 1st period - Wrist shot by William Nylander.
11:38 of 1st period - Stopped by Anthony Stolarz with a rebound.
12:41 of 1st period - Wrist shot by Pius Suter.
12:41 of 1st period - Stopped by Linus Ullmark with a rebound.
12:43 of 1st period - Snap shot by Alex Pietrangelo.
12:43 of 1st period - Shot Misses the Net.
12:45 of 1st period - Slapshot by John-Jason Peterka.
12:45 of 1st period - Stopped by Linus Ullmark without a rebound.
12:46 of 1st period - Marco Kasper wins face-off versus John Tavares in Anaheim Ducks zone.
13:11 of 1st period - Simon Benoit is hit by Ivan Provorov and loses puck.
13:38 of 1st period - Wrist shot by Will Cuylle.
13:38 of 1st period - Shot Blocked by Jack Roslovic.
13:40 of 1st period - Snap shot by Will Cuylle.
13:40 of 1st period - Stopped by Anthony Stolarz with a rebound.
13:42 of 1st period - Backhand shot by Chandler Stephenson.
13:42 of 1st period - Goal by Chandler Stephenson - Anaheim Ducks : 2 - Nashville Predators : 0.
13:43 of 1st period - Mark Scheifele wins face-off versus Marco Kasper in neutral zone.
13:54 of 1st period - Brenden Dillon is hit by Robby Fabbri and loses puck.
14:16 of 1st period - Snap shot by Eetu Luostarinen.
14:16 of 1st period - Stopped by Linus Ullmark without a rebound.
14:17 of 1st period - John Tavares wins face-off versus Pius Suter in Anaheim Ducks zone.
14:32 of 1st period - Pius Suter is hit by John Tavares and loses puck.
14:44 of 1st period - Snap shot by John Tavares.
14:44 of 1st period - Stopped by Anthony Stolarz without a rebound.
14:45 of 1st period - Mark Scheifele wins face-off versus Yegor Chinakhov in Nashville Predators zone.
15:18 of 1st period - Snap shot by Chandler Stephenson.
15:18 of 1st period - Stopped by Anthony Stolarz without a rebound.
15:19 of 1st period - John Tavares wins face-off versus Pius Suter in Nashville Predators zone.
15:20 of 1st period - Snap shot by Nazem Kadri.
15:20 of 1st period - Stopped by Anthony Stolarz without a rebound.
15:21 of 1st period - John Tavares wins face-off versus Pius Suter in Nashville Predators zone.
15:28 of 1st period - Wrist shot by Eetu Luostarinen.
15:28 of 1st period - Shot Misses the Net.
15:36 of 1st period - Slapshot by John-Jason Peterka.
15:36 of 1st period - Stopped by Linus Ullmark without a rebound.
15:37 of 1st period - Mark Scheifele wins face-off versus Marco Kasper in Anaheim Ducks zone.
15:37 of 1st period - Mark Scheifele is hit by Marco Kasper.
15:58 of 1st period - Mark Scheifele is hit by Robby Fabbri.
16:10 of 1st period - Slapshot by Joshua Morrissey.
16:10 of 1st period - Stopped by Anthony Stolarz without a rebound.
16:11 of 1st period - Jean-Gabriel Pageau wins face-off versus John Tavares in Nashville Predators zone.
16:11 of 1st period - Jean-Gabriel Pageau is hit by Brayden Schenn.
16:18 of 1st period - Off-side.
16:19 of 1st period - Mark Scheifele wins face-off versus Pius Suter in neutral zone.
16:22 of 1st period - Wrist shot by Mason Marchment.
16:22 of 1st period - Shot Blocked by Jordan Spence.
17:05 of 1st period - Snap shot by Will Cuylle.
17:05 of 1st period - Stopped by Anthony Stolarz with a rebound.
17:11 of 1st period - Snap shot by Jani Nyman.
17:11 of 1st period - Stopped by Linus Ullmark with a rebound.
17:13 of 1st period - Wrist shot by Jean-Gabriel Pageau.
17:13 of 1st period - Stopped by Linus Ullmark with a rebound.
18:08 of 1st period - Minor Penalty to Joshua Morrissey for Tripping.
18:09 of 1st period - Chandler Stephenson wins face-off versus Marco Kasper in Anaheim Ducks zone.
18:37 of 1st period - Off-side.
18:38 of 1st period - Jack Roslovic wins face-off versus Chandler Stephenson in neutral zone.
19:12 of 1st period - Snap shot by Pius Suter.
19:12 of 1st period - Shot Misses the Net.
Goals for this period are 2 for Anaheim Ducks vs 0 for Nashville Predators.
Shots for this period are 12 for Anaheim Ducks vs 11 for Nashville Predators.
2nd period
0:01 of 2nd period - Marco Kasper wins face-off versus Chandler Stephenson in neutral zone.
0:08 of 2nd period - Penalty to Joshua Morrissey is over, Joshua Morrissey is back on ice.
0:30 of 2nd period - Snap shot by Yegor Sharangovich.
0:30 of 2nd period - Stopped by Linus Ullmark with a rebound.
0:58 of 2nd period - Slapshot by William Nylander.
0:58 of 2nd period - Shot Misses the Net.
1:00 of 2nd period - Slapshot by Esa Lindell.
1:00 of 2nd period - Deflect By William Nylander.
1:00 of 2nd period - Shot Misses the Net.
1:00 of 2nd period - Puck is out of play.
1:01 of 2nd period - Pius Suter wins face-off versus John Tavares in Nashville Predators zone.
1:16 of 2nd period - Slapshot by Brayden Schenn.
1:16 of 2nd period - Shot Misses the Net.
1:28 of 2nd period - Alex Pietrangelo is hit by Philip Broberg and loses puck.
1:55 of 2nd period - Jean-Gabriel Pageau is hit by Chandler Stephenson and loses puck.
2:02 of 2nd period - Backhand shot by Dmitri Voronkov.
2:02 of 2nd period - Deflect By Jean-Gabriel Pageau.
2:02 of 2nd period - Stopped by Linus Ullmark without a rebound.
2:03 of 2nd period - Pius Suter wins face-off versus Mark Scheifele in Anaheim Ducks zone.
2:18 of 2nd period - Wrist shot by John-Jason Peterka.
2:18 of 2nd period - Shot Blocked by Mason Marchment.
2:18 of 2nd period - Mason Marchment from Anaheim Ducks is injured at 2:18 of 2nd period (Strained Left Knee).
2:19 of 2nd period - Pius Suter wins face-off versus Mark Scheifele in Anaheim Ducks zone.
2:32 of 2nd period - Slapshot by John-Jason Peterka.
2:32 of 2nd period - Stopped by Linus Ullmark without a rebound.
2:33 of 2nd period - Mark Scheifele wins face-off versus Marco Kasper in Anaheim Ducks zone.
3:00 of 2nd period - Pius Suter is hit by Alex Killorn and loses puck.
3:07 of 2nd period - Brenden Dillon is hit by John-Jason Peterka and loses puck.
3:32 of 2nd period - Snap shot by Jani Nyman.
3:32 of 2nd period - Shot Misses the Net.
3:40 of 2nd period - Alex Pietrangelo is hit by Mark Scheifele and loses puck.
5:20 of 2nd period - Snap shot by Brayden Schenn.
5:20 of 2nd period - Deflect By John Tavares.
5:20 of 2nd period - Stopped by Anthony Stolarz without a rebound.
5:21 of 2nd period - Pius Suter wins face-off versus Chandler Stephenson in Nashville Predators zone.
5:36 of 2nd period - Slapshot by John-Jason Peterka.
5:36 of 2nd period - Shot Misses the Net.
5:59 of 2nd period - Off-side.
6:00 of 2nd period - Marco Kasper wins face-off versus Chandler Stephenson in neutral zone.
6:13 of 2nd period - Snap shot by Chandler Stephenson.
6:13 of 2nd period - Shot Misses the Net.
6:15 of 2nd period - Wrist shot by Joshua Morrissey.
6:15 of 2nd period - Shot Blocked by Marco Kasper.
7:00 of 2nd period - Snap shot by Marco Kasper.
7:00 of 2nd period - Shot Blocked by Joshua Morrissey.
7:02 of 2nd period - Wrist shot by Marco Kasper.
7:02 of 2nd period - Goal by Marco Kasper - Anaheim Ducks : 2 - Nashville Predators : 1.
7:03 of 2nd period - Pius Suter wins face-off versus William Nylander in neutral zone.
7:18 of 2nd period - Minor Penalty to Simon Benoit for Tripping.
7:19 of 2nd period - Mark Scheifele wins face-off versus Jean-Gabriel Pageau in Nashville Predators zone.
7:23 of 2nd period - Wrist shot by William Nylander.
7:23 of 2nd period - Deflect By Mark Scheifele.
7:23 of 2nd period - Shot Misses the Net.
7:23 of 2nd period - Puck is out of play.
7:24 of 2nd period - Mark Scheifele wins face-off versus Jean-Gabriel Pageau in Nashville Predators zone.
7:57 of 2nd period - Wrist shot by Brayden Schenn.
7:57 of 2nd period - Stopped by Anthony Stolarz without a rebound.
7:58 of 2nd period - Jean-Gabriel Pageau wins face-off versus J.T. Compher in Nashville Predators zone.
9:18 of 2nd period - Penalty to Simon Benoit is over, Simon Benoit is back on ice.
9:29 of 2nd period - Marco Kasper is hit by Philip Broberg and loses puck.
9:53 of 2nd period - Slapshot by Simon Benoit.
9:53 of 2nd period - Shot Misses the Net.
10:09 of 2nd period - Icing by Joshua Morrissey.
10:10 of 2nd period - Jack Roslovic wins face-off versus Chandler Stephenson in Anaheim Ducks zone.
10:51 of 2nd period - Alex Killorn is hit by John-Jason Peterka and loses puck.
11:12 of 2nd period - Wrist shot by Nazem Kadri.
11:12 of 2nd period - Shot Blocked by Simon Benoit.
11:34 of 2nd period - Morgan Rielly is hit by Yegor Chinakhov and loses puck.
11:50 of 2nd period - Icing by Rasmus Andersson.
11:51 of 2nd period - Mark Scheifele wins face-off versus Jean-Gabriel Pageau in Nashville Predators zone.
12:40 of 2nd period - Wrist shot by Marco Kasper.
12:40 of 2nd period - Deflect By Yegor Chinakhov.
12:40 of 2nd period - Stopped by Linus Ullmark with a rebound.
12:42 of 2nd period - Snap shot by Robby Fabbri.
12:42 of 2nd period - Shot Misses the Net.
12:48 of 2nd period - Minor Penalty to Mark Scheifele for Interference.
12:49 of 2nd period - Chandler Stephenson wins face-off versus Marco Kasper in Anaheim Ducks zone.
13:33 of 2nd period - Marco Kasper is hit by Brayden Schenn and loses puck.
14:48 of 2nd period - Penalty to Mark Scheifele is over, Mark Scheifele is back on ice.
15:03 of 2nd period - Slapshot by William Nylander.
15:03 of 2nd period - Stopped by Anthony Stolarz with a rebound.
15:05 of 2nd period - Slapshot by Philip Broberg.
15:05 of 2nd period - Stopped by Anthony Stolarz with a rebound.
15:07 of 2nd period - Wrist shot by Morgan Rielly.
15:07 of 2nd period - Shot Misses the Net.
15:09 of 2nd period - Wrist shot by Mark Scheifele.
15:09 of 2nd period - Shot Blocked by Eetu Luostarinen.
15:11 of 2nd period - Snap shot by Philip Broberg.
15:11 of 2nd period - Shot Misses the Net.
15:21 of 2nd period - Rasmus Andersson is hit by Brayden Schenn and loses puck.
15:36 of 2nd period - Snap shot by Yegor Chinakhov.
15:36 of 2nd period - Stopped by Linus Ullmark without a rebound.
15:37 of 2nd period - Mark Scheifele wins face-off versus Jean-Gabriel Pageau in Anaheim Ducks zone.
15:52 of 2nd period - Snap shot by Will Cuylle.
15:52 of 2nd period - Stopped by Anthony Stolarz without a rebound.
15:53 of 2nd period - Pius Suter wins face-off versus Chandler Stephenson in Nashville Predators zone.
16:06 of 2nd period - Pius Suter is hit by Joshua Morrissey and loses puck.
16:17 of 2nd period - Nazem Kadri is hit by Jean-Gabriel Pageau.
16:39 of 2nd period - Wrist shot by Jack Roslovic.
16:39 of 2nd period - Shot Misses the Net.
16:41 of 2nd period - Slapshot by Ryan Hartman.
16:41 of 2nd period - Stopped by Linus Ullmark with a rebound.
16:43 of 2nd period - Slapshot by Simon Benoit.
16:43 of 2nd period - Deflect By Jack Roslovic.
16:43 of 2nd period - Shot Misses the Net.
16:43 of 2nd period - Puck is out of play.
16:44 of 2nd period - Jack Roslovic wins face-off versus Mark Scheifele in Anaheim Ducks zone.
16:47 of 2nd period - Snap shot by Jack Roslovic.
16:47 of 2nd period - Stopped by Linus Ullmark with a rebound.
17:02 of 2nd period - Wrist shot by Yegor Sharangovich.
17:02 of 2nd period - Shot Blocked by Nazem Kadri.
17:13 of 2nd period - Snap shot by Jack Roslovic.
17:13 of 2nd period - Shot Misses the Net.
17:33 of 2nd period - Wrist shot by Mark Scheifele.
17:33 of 2nd period - Stopped by Anthony Stolarz with a rebound.
17:51 of 2nd period - Slapshot by William Nylander.
17:51 of 2nd period - Stopped by Anthony Stolarz without a rebound.
17:52 of 2nd period - Pius Suter wins face-off versus Will Cuylle in Nashville Predators zone.
18:30 of 2nd period - Wrist shot by Alex Killorn.
18:30 of 2nd period - Shot Misses the Net.
18:32 of 2nd period - Snap shot by Philip Broberg.
18:32 of 2nd period - Deflect By Chandler Stephenson.
18:32 of 2nd period - Shot Hit the Post.
18:32 of 2nd period - Puck is out of play.
18:33 of 2nd period - John Tavares wins face-off versus Pius Suter in Nashville Predators zone.
18:34 of 2nd period - Slapshot by Brayden Schenn.
18:34 of 2nd period - Stopped by Anthony Stolarz without a rebound.
18:35 of 2nd period - Pius Suter wins face-off versus John Tavares in Nashville Predators zone.
18:43 of 2nd period - Icing by Dante Fabbro.
18:44 of 2nd period - Mark Scheifele wins face-off versus Pius Suter in Nashville Predators zone.
18:51 of 2nd period - Snap shot by William Nylander.
18:51 of 2nd period - Shot Misses the Net.
18:53 of 2nd period - Slapshot by Brenden Dillon.
18:53 of 2nd period - Stopped by Anthony Stolarz with a rebound.
19:13 of 2nd period - Slapshot by Jani Nyman.
19:13 of 2nd period - Stopped by Linus Ullmark without a rebound.
19:14 of 2nd period - Jean-Gabriel Pageau wins face-off versus Chandler Stephenson in Anaheim Ducks zone.
19:39 of 2nd period - Pius Suter is hit by Nazem Kadri.
19:49 of 2nd period - Slapshot by Jordan Spence.
19:49 of 2nd period - Stopped by Linus Ullmark with a rebound.
Goals for this period are 0 for Anaheim Ducks vs 1 for Nashville Predators.
Shots for this period are 9 for Anaheim Ducks vs 10 for Nashville Predators.
3rd period
0:01 of 3rd period - John Tavares wins face-off versus Pius Suter in neutral zone.
0:26 of 3rd period - Esa Lindell is hit by Dmitri Voronkov and loses puck.
0:33 of 3rd period - Backhand shot by Dmitri Voronkov.
0:33 of 3rd period - Stopped by Linus Ullmark without a rebound.
0:34 of 3rd period - Mark Scheifele wins face-off versus Pius Suter in Anaheim Ducks zone.
0:59 of 3rd period - Dmitri Voronkov is hit by Ivan Provorov and loses puck.
1:20 of 3rd period - Snap shot by Yegor Chinakhov.
1:20 of 3rd period - Deflect By Robby Fabbri.
1:20 of 3rd period - Shot Misses the Net.
1:20 of 3rd period - Puck is out of play.
1:21 of 3rd period - John Tavares wins face-off versus Robby Fabbri in Anaheim Ducks zone.
1:40 of 3rd period - Wrist shot by Yegor Chinakhov.
1:40 of 3rd period - Shot Misses the Net.
1:42 of 3rd period - Wrist shot by Simon Benoit.
1:42 of 3rd period - Stopped by Linus Ullmark without a rebound.
1:43 of 3rd period - Pius Suter wins face-off versus Mark Scheifele in Anaheim Ducks zone.
1:48 of 3rd period - Snap shot by Eetu Luostarinen.
1:48 of 3rd period - Stopped by Linus Ullmark with a rebound.
2:10 of 3rd period - Alex Killorn is hit by Dmitri Voronkov and loses puck.
2:15 of 3rd period - Slapshot by Jean-Gabriel Pageau.
2:15 of 3rd period - Stopped by Linus Ullmark without a rebound.
2:16 of 3rd period - Mark Scheifele wins face-off versus Jean-Gabriel Pageau in Anaheim Ducks zone.
2:16 of 3rd period - Mark Scheifele is hit by Jani Nyman.
2:22 of 3rd period - Snap shot by Mark Scheifele.
2:22 of 3rd period - Shot Misses the Net.
2:49 of 3rd period - Wrist shot by Eetu Luostarinen.
2:49 of 3rd period - Stopped by Linus Ullmark with a rebound.
2:55 of 3rd period - Slapshot by Joshua Morrissey.
2:55 of 3rd period - Deflect By Chandler Stephenson.
2:55 of 3rd period - Shot Misses the Net.
2:55 of 3rd period - Puck is out of play.
2:56 of 3rd period - John Tavares wins face-off versus Marco Kasper in Nashville Predators zone.
3:58 of 3rd period - Slapshot by Rasmus Andersson.
3:58 of 3rd period - Stopped by Linus Ullmark without a rebound.
3:59 of 3rd period - Mark Scheifele wins face-off versus Jack Roslovic in Anaheim Ducks zone.
3:59 of 3rd period - Mark Scheifele is hit by Ryan Hartman.
4:07 of 3rd period - Joshua Morrissey is hit by Ryan Hartman.
4:13 of 3rd period - Wrist shot by Yegor Sharangovich.
4:13 of 3rd period - Shot Blocked by Joshua Morrissey.
4:25 of 3rd period - Joshua Morrissey is hit by Pius Suter and loses puck.
4:55 of 3rd period - Jani Nyman is hit by Philip Broberg and loses puck.
5:06 of 3rd period - Dmitri Voronkov is hit by John Tavares and loses puck.
5:19 of 3rd period - Wrist shot by Chandler Stephenson.
5:19 of 3rd period - Stopped by Anthony Stolarz with a rebound.
5:27 of 3rd period - Snap shot by Jean-Gabriel Pageau.
5:27 of 3rd period - Shot Misses the Net.
5:43 of 3rd period - Wrist shot by Yegor Chinakhov.
5:43 of 3rd period - Shot Misses the Net.
6:01 of 3rd period - Snap shot by Eetu Luostarinen.
6:01 of 3rd period - Shot Misses the Net.
7:08 of 3rd period - John Tavares is hit by Yegor Sharangovich and loses puck.
8:15 of 3rd period - Will Cuylle is hit by Simon Benoit and loses puck.
8:54 of 3rd period - William Nylander is hit by John-Jason Peterka and loses puck.
9:52 of 3rd period - Icing by Philip Broberg.
9:53 of 3rd period - Jack Roslovic wins face-off versus Mark Scheifele in Anaheim Ducks zone.
10:25 of 3rd period - Wrist shot by Jean-Gabriel Pageau.
10:25 of 3rd period - Stopped by Linus Ullmark without a rebound.
10:26 of 3rd period - Jean-Gabriel Pageau wins face-off versus John Tavares in Anaheim Ducks zone.
10:48 of 3rd period - Esa Lindell is hit by Jean-Gabriel Pageau and loses puck.
11:07 of 3rd period - Backhand shot by John Tavares.
11:07 of 3rd period - Stopped by Anthony Stolarz without a rebound.
11:08 of 3rd period - Chandler Stephenson wins face-off versus Pius Suter in Nashville Predators zone.
11:09 of 3rd period - Wrist shot by Will Cuylle.
11:09 of 3rd period - Stopped by Anthony Stolarz without a rebound.
11:10 of 3rd period - Chandler Stephenson wins face-off versus Pius Suter in Nashville Predators zone.
11:21 of 3rd period - Wrist shot by Alex Killorn.
11:21 of 3rd period - Stopped by Anthony Stolarz without a rebound.
11:22 of 3rd period - Nazem Kadri wins face-off versus Pius Suter in Nashville Predators zone.
11:23 of 3rd period - Wrist shot by John Tavares.
11:23 of 3rd period - Deflect By Brayden Schenn.
11:23 of 3rd period - Stopped by Anthony Stolarz without a rebound.
11:24 of 3rd period - John Tavares wins face-off versus Pius Suter in Nashville Predators zone.
11:33 of 3rd period - Snap shot by Nazem Kadri.
11:33 of 3rd period - Shot Misses the Net.
11:41 of 3rd period - Snap shot by Brayden Schenn.
11:41 of 3rd period - Shot Misses the Net.
12:48 of 3rd period - Off-side.
12:49 of 3rd period - Pius Suter wins face-off versus Chandler Stephenson in neutral zone.
12:58 of 3rd period - Snap shot by Eetu Luostarinen.
12:58 of 3rd period - Stopped by Linus Ullmark with a rebound.
13:00 of 3rd period - Slapshot by Rasmus Andersson.
13:00 of 3rd period - Stopped by Linus Ullmark with a rebound.
13:02 of 3rd period - Wrist shot by John-Jason Peterka.
13:02 of 3rd period - Deflect By Pius Suter.
13:02 of 3rd period - Shot Misses the Net.
13:02 of 3rd period - Puck is out of play.
13:03 of 3rd period - Mark Scheifele wins face-off versus Pius Suter in Anaheim Ducks zone.
13:03 of 3rd period - Mark Scheifele is hit by John-Jason Peterka.
13:17 of 3rd period - Minor Penalty to Rasmus Andersson for Roughing.
13:18 of 3rd period - Jean-Gabriel Pageau wins face-off versus Mark Scheifele in Nashville Predators zone.
15:16 of 3rd period - Simon Benoit is hit by Ivan Provorov and loses puck.
15:17 of 3rd period - Penalty to Rasmus Andersson is over, Rasmus Andersson is back on ice.
16:40 of 3rd period - Morgan Rielly is hit by Jordan Spence and loses puck.
17:07 of 3rd period - Joshua Morrissey is hit by Eetu Luostarinen and loses puck.
18:55 of 3rd period - Nashville Predators, Anthony Stolarz is pulled from the net.
19:02 of 3rd period - Minor Penalty to John Tavares for Hooking.
19:03 of 3rd period - Chandler Stephenson wins face-off versus Marco Kasper in Anaheim Ducks zone.
19:15 of 3rd period - Snap shot by Alex Pietrangelo.
19:15 of 3rd period - Stopped by Linus Ullmark with a rebound.
19:17 of 3rd period - Slapshot by Alex Pietrangelo.
19:17 of 3rd period - Shot Blocked by Esa Lindell.
Goals for this period are 0 for Anaheim Ducks vs 0 for Nashville Predators.
Shots for this period are 5 for Anaheim Ducks vs 10 for Nashville Predators.
Back to the Top